 Dungeon Crawl Stone Soup version 0.31.0-11-ge490571c62 (webtiles) character file.

Game seed: 17385357864004231651

985 Yore the Trooper (level 8, -6/53 HPs)
             Began as a Gargoyle Fighter on Feb 1, 2024.
             Mangled by an ice beast (14 damage)
             ... on level 5 of the Dungeon.
             The game lasted 00:10:10 (4021 turns).

Yore the Trooper (Gargoyle Fighter)                 Turns: 4021, Time: 00:10:10

Health: -6/53      AC: 13    Str: 19    XL:     8   Next: 18%
Magic:  8/8        EV:  9    Int: 10    God:
Gold:   877        SH:  4    Dex: 11    Spells: 7/7 levels left

rFire   . . .        a - +0 flail
rCold   . . .        c - +0 buckler
rNeg    + . .        b - +0 scale mail
rPois   ∞            (no helmet)
rElec   +            (no cloak)
rCorr   .            (no gloves)
SInv    .            (no boots)
Will    .....        (no amulet) Stlth
                     (no ring)
HPRegen 0.28/turn    (no ring)
MPRegen 0.11/turn

%: no passive effects
@: no status effects
A: sickness immunity, AC +5, negative energy resistance 1, electricity
resistance, torment resistance 1, petrification resistance, teleportitis 1,
inability to read after injury 1, noise suppression
a: no special abilities


You were on level 5 of the Dungeon.
You visited 1 branch of the dungeon, and saw 5 of its levels.
You also visited: Sewer.

You collected 877 gold pieces.

Inventory:

Hand Weapons
 a - a +0 flail (weapon)
 l - a +0 vampiric war axe
Armour
 b - a +0 scale mail (worn)
 c - a +0 buckler (worn)
Scrolls
 h - a scroll of acquirement
 m - 5 scrolls of enchant armour
Potions
 d - 2 potions of haste
 g - 2 potions of cancellation
 i - a potion of attraction
 j - a potion of invisibility {unknown}


   Skills:
 * Level 7.0 Fighting
 * Level 6.0 Maces & Flails
 + Level 5.4 Armour
 - Level 4.0 Shields


You had 7 spell levels left.
You didn't know any spells.
Your spell library contained the following spells:

 Spells                   Type           Power      Damage    Failure   Level
 Magic Dart               Conj           0%         1d3       80%         1
 Searing Ray              Conj           0%         2d4       90%         2
 Fulminant Prism          Conj/Alch      0%         3d5       100%        4


Dungeon Overview and Level Annotations

Branches:
Dungeon (5/15)              Sewer (visited)
 Temple: D:4-7

Altars:
Cheibriados
Sif Muna
Trog
Xom

Shops:
D:1 :   D:2 (


Innate Abilities, Weirdness & Mutations

You are immune to sickness and miasma.
Your stone body is resilient. (AC +5)
You are immune to poison.
You resist negative energy. (rN+)
You are resistant to electric shocks. (rElec)
You are resistant to unholy torment.
You are immune to petrification.
You are occasionally teleported next to monsters.
You occasionally lose the ability to read scrolls when taking damage.
You passively dampen the noise of your surroundings.


Message History

The gnoll hits you from afar with a +0 spear.
The hound attacks as it pursues you! The hound barely misses you.
You block the adder's attack. The hound attacks as it pursues you!
The hound bites you but does no damage. The orc hits you but does no damage.
The hound bites you. The orc closely misses you. You block the orc's attack.
The howler monkey hoots and howls with incredible vigour!
The hound bites you but does no damage. The adder barely misses you.
The orc attacks as it pursues you! The orc closely misses you.
The hound bites you but does no damage. The orc attacks as it pursues you!
The orc hits you with a +0 hand axe. The adder barely misses you.
The howler monkey hoots and howls with incredible vigour!
As you read the scroll labelled QELACE MEBI, it crumbles to dust.
You assume a fearsome visage.
The orc looks frightened!
The adder looks frightened!
The orc looks frightened!
The adder looks frightened!
The scorpion looks frightened!
The gnoll looks frightened! x3; The hound looks frightened!
The howler monkey looks frightened!
The white imp looks frightened!
The orc looks frightened!
It was a scroll of fear.
You see here a glowing grey potion.
Cornered, the hound turns to fight!
Cornered, the adder turns to fight!
The orc gives up.
The phantom hits you but does no damage.
Cornered, the orc turns to fight!
The phantom attacks as it pursues you! The phantom barely misses you.
The adder seems to regain its courage.
The phantom attacks as it pursues you! The phantom hits you.
Found a stone staircase leading up.
The ice beast hits you. The ice beast freezes you!
* * * LOW HITPOINT WARNING * * *
The ice beast hits you but does no damage.
The ice beast barely misses you.
The ice beast attacks as it pursues you!
The ice beast hits you.
* * * LOW HITPOINT WARNING * * *
The ice beast freezes you!
You die...

#. #......# #.
#......# #.
#......# #.
#.....<# #.
#......# ##
#......#####
#..........#
#....@.....#
####.Y.....#
#.W.....# #...l...#
##### ###...h...#
#.... ........s..#
#.... #.###.....l.#
#.... #.......####
#.!..
#+##.......####....


You could see an ice beast, a phantom, a scorpion, 2 iguanas and a hound.

Vanquished Creatures
  A black bear (D:5)
  An ice beast (D:5)
  2 phantoms
  3 kobold brigands (Sewer)
  2 brain worms (Sewer)
  Jessica (D:2)
  An iguana (D:5)
  Natasha (D:1)
  11 adders
  2 river rats (Sewer)
  An ufetubus (D:5)
  4 ribbon worms
  6 orcs
  5 ball pythons
  A bat (D:1)
  3 endoplasms
  A giant cockroach (D:3)
  8 hobgoblins
  16 jackals
  2 quokkas
  5 frilled lizards
  4 goblins
  15 kobolds
  5 rats
101 creatures vanquished.

Notes
Turn   | Place    | Note
-------+----------+-------------------------------------------
     0 | D:1      | Yore the Gargoyle Fighter began the quest for the Orb.
     0 | D:1      | Reached XP level 1. HP: 14/14 MP: 1/1
    46 | D:1      | Reached XP level 2. HP: 14/19 MP: 2/2
   185 | D:1      | Found Sasie's Vocational Training.
   622 | D:1      | Reached XP level 3. HP: 20/24 MP: 3/3
   936 | D:2      | Found Tugadima's Antique Weapon Shoppe.
  1096 | D:2      | Noticed Natasha
  1168 | D:1      | Killed Natasha
  1169 | D:1      | Reached skill level 4 in Fighting
  1169 | D:1      | Reached XP level 4. HP: 26/29 MP: 4/4
  1549 | D:2      | Noticed Jessica
  1552 | D:2      | Killed Jessica
  1553 | D:2      | Reached XP level 5. HP: 34/34 MP: 5/5
  1683 | D:3      | Found a glowing drain.
  1721 | Sewer    | Entered a sewer
  1857 | Sewer    | Noticed a kobold brigand
  1898 | Sewer    | Killed a kobold brigand
  1899 | Sewer    | Reached skill level 5 in Fighting
  1899 | Sewer    | Reached XP level 6. HP: 22/40 MP: 6/6
  2271 | Sewer    | Gained mutation: You sometimes lose your temper in combat.
                  | [potion of mutation]
  2271 | Sewer    | Gained mutation: You are occasionally teleported next to
                  | monsters. [potion of mutation]
  2271 | Sewer    | Gained mutation: Your mind is acute. (Int +4, Str/Dex -1)
                  | [potion of mutation]
  2490 | Sewer    | Reached XP level 7. HP: 45/45 MP: 7/7
  2543 | Sewer    | Reached skill level 6 in Fighting
  2543 | Sewer    | Reached skill level 5 in Maces & Flails
  2970 | D:3      | Found a shimmering blue altar of Sif Muna.
  2970 | D:3      | Found a bloodstained altar of Trog.
  2970 | D:3      | Found a shimmering altar of Xom.
  3125 | D:3      | Found a snail-covered altar of Cheibriados.
  3603 | D:5      | Entered Level 5 of the Dungeon
  3614 | D:5      | Identified 2 scrolls of acquirement
  3614 | D:5      | Acquired 722 gold pieces
  3672 | D:5      | Reached skill level 5 in Armour
  3689 | D:5      | Lost mutation: Your mind is acute. (Int +4, Str/Dex -1)
                  | [potion of mutation]
  3689 | D:5      | Lost mutation: You sometimes lose your temper in combat.
                  | [potion of mutation]
  3689 | D:5      | Gained mutation: You occasionally lose the ability to read
                  | scrolls when taking damage. [potion of mutation]
  3689 | D:5      | Gained mutation: You passively dampen the noise of your
                  | surroundings. [potion of mutation]
  3881 | D:5      | Reached XP level 8. HP: 44/52 MP: 8/8
  3958 | D:5      | Reached skill level 7 in Fighting
  4021 | D:5      | Mangled by an ice beast

Illustrated notes

Levels and vault maps discovered:
D:1:      giann_bridges, layout_loops_corners, minmay_misc_feat_rows,
          serial_park_tiny_2, chequers_serial_rivers_marsh,
          nicolae_shop_vocational
D:2:      layout_rooms, serial_shops, shop, uniq_jessica, uniq_natasha
D:3:      layout_basic, cheibriados_altar_1,
          chequers_temple_overflow_statue_of_worship,
          cheibrodos_sewer_entry_bend
D:4:      lemuel_castle_with_subvaults [lemuel_castle_interior_carwin_1],
          layout_rooms
D:5:      layout_basic, gammafunk_temple_overflow_statue, temple_green,
          minmay_increasing_density

Skill      XL: |  1  2  3  4  5  6  7  8 |
---------------+-------------------------+-----
Fighting       | 4 5 6 7 |  7.0
Maces & Flails | 3 4 5 6 |  6.0
Armour         | 4 5 |  5.4
Shields        | 4 |  4.0

Action                     |  1- 3 |  4- 6 |  7- 9 || total
---------------------------+-------+-------+-------++-------
  Melee: Flail             |    95 |   229 |    55 ||   379
         War axe           |       |       |    99 ||    99
    Use: Scroll            |       |     4 |     6 ||    10
         Potion            |       |     7 |     3 ||    10
 Armour: Scale mail        |    77 |   152 |   217 ||   446
  Dodge: Dodged            |    60 |   103 |   118 ||   281
  Block: Buckler           |    25 |    61 |    54 ||   140
